 Dungeon Crawl Stone Soup version 0.29-a0-284-gf9362112df (webtiles) character file.

Game seed: 17251569778729012075

99477 spiderkeys the Severer (level 16, -8/152 HPs)
             Began as a Ghoul Abyssal Knight on Mar 28, 2022.
             Was the Champion of Lugonu.
             Mangled by a catoblepas (16 damage)
             ... on level 6 of the Lair of Beasts.
             The game lasted 00:46:32 (25770 turns).

spiderkeys the Severer (Ghoul Abyssal Knight)      Turns: 25770, Time: 00:46:32

Health: -8/152     AC: 26    Str: 35    XL:     16   Next: 25%
Magic:  21/21      EV: 18    Int:  9    God:    Lugonu [******]
Gold:   1804       SH:  0    Dex: 11    Spells: 15/15 levels left

rFire   . . .      SeeInvis .   q - +8 frozen axe "Frostbite" {freezing cloud, *Noise Fly rC+}
rCold   + + .      Faith    +   (shield currently unavailable)
rNeg    + + +      Spirit   .   K - +3 scale mail
rPois   ∞          Reflect  .   V - +1 hat
rElec   .          Harm     .   e - +2 cloak
rCorr   .          Rampage  .   n - +3 pair of gloves of Kydyr {*Slow Str+4 Int+4}
Will    +....                   F - +2 pair of boots of Amelioration {rPois Str+8 Slay+3 Stlth-}
Stlth   ..........              T - amulet of faith {!P}
HPRegen 0.00/turn               O - +4 ring of protection
MPRegen 0.17/turn               E - +4 ring of evasion

@: flying, inhibited regen, hasted, very quick
A: claws 1, cold resistance 1, negative energy resistance 3, inhibited
regeneration, torment resistance 2
a: Renounce Religion, Depart the Abyss, Bend Space, Banish, Corrupt, Enter the
Abyss, Brand Weapon With Distortion


You were on level 6 of the Lair of Beasts.
You worshipped Lugonu.
Lugonu was exalted by your worship.
You visited 2 branches of the dungeon, and saw 18 of its levels.
You visited the Abyss 1 time.
You also visited: Ossuary, Bailey and Gauntlet.

You collected 1861 gold pieces.
You spent 57 gold pieces at shops.


Innate Abilities, Weirdness & Mutations

You thrive by killing the living.
You are immune to poison.
You have sharp fingernails.
Your flesh is cold resistant. (rC+)
You are immune to negative energy. (rN+++)
You do not regenerate when monsters are visible.
You are immune to unholy pain and torment.


   Skills:
 + Level 16.6 Fighting
 * Level 16.8 Axes
 + Level 5.8 Armour
 - Level 10.5 Dodging
 - Level 6.5 Unarmed Combat
 - Level 9.0 Invocations


You had 15 spell levels left.
You didn't know any spells.
Your spell library contained the following spells:

 Spells                   Type           Power      Damage    Failure   Level
 Apportation              Tloc           0%         N/A       58%         1
 Foxfire                  Conj/Fire      0%         2x1d4     58%         1
 Magic Dart               Conj           0%         1d3       58%         1
 Sandblast                Erth           0%         2d4       58%         1
 Shock                    Conj/Air       0%         1d3       58%         1
 Blink                    Tloc           0%         N/A       73%         2
 Call Imp                 Summ           0%         N/A       73%         2
 Passwall                 Tmut/Erth      0%         N/A       73%         2
 Static Discharge         Conj/Air       0%         N/A       73%         2
 Conjure Flame            Conj/Fire      0%         6-21      91%         3
 Ignite Poison            Fire/Tmut/Pois 0%         N/A       91%         3
 Inner Flame              Hex/Fire       0%         N/A       91%         3
 Mephitic Cloud           Conj/Pois/Air  0%         N/A       91%         3
 Stone Arrow              Conj/Erth      0%         3d7       91%         3
 Swiftness                Air            0%         N/A       91%         3
 Tukima's Dance           Hex            0%         N/A       91%         3
 Airstrike                Air            0%         N/A       100%        4
 Anguish                  Hex/Necr       0%         N/A       100%        4
 Passage of Golubria      Tloc           0%         N/A       100%        4
 Petrify                  Tmut/Erth      0%         N/A       100%        4
 Summon Ice Beast         Ice/Summ       0%         N/A       100%        4
 Alistair's Intoxication  Tmut/Pois      0%         N/A       100%        5
 Freezing Cloud           Conj/Ice/Air   0%         6-21      100%        5
 Irradiate                Conj/Tmut      0%         3d13      100%        5
 Lightning Bolt           Conj/Air       0%         1d11      100%        5
 Manifold Assault         Tloc           0%         N/A       100%        5
 Summon Forest            Summ/Tloc      0%         N/A       100%        5
 Summon Mana Viper        Hex/Summ       0%         N/A       100%        5
 Yara's Violent Unravell  Hex/Tmut       0%         3d3       100%        5
 Conjure Ball Lightning   Conj/Air       0%         3x3d6     100%        6
 Enfeeble                 Hex            0%         N/A       100%        7
 Orb of Destruction       Conj           0%         9d5       100%        7
 Discord                  Hex            0%         N/A       100%        8
 Disjunction              Tloc           0%         N/A       100%        8
 Maxwell's Capacitive Co  Air            0%         ∞         100%        8
 Sublimation of Blood     Necr           Unusable   N/A       N/A         2
 Storm Form               Tmut/Air       Unusable   N/A       N/A         7

Inventory:

Hand Weapons
 q - the +8 frozen axe "Frostbite" (weapon) {freezing cloud, *Noise Fly rC+}
   (You found it in an ossuary)

   It freezes those it strikes, dealing additional cold damage.
   It can also slow down cold-blooded creatures.
   It occasionally leaves clouds of freezing vapour upon striking a foe.
   It grants immunity to clouds of freezing vapour.
   rC:        It protects you from cold.
   Fly:       It grants you flight.
   *Noise:    It may make noises in combat.
 M - a +3 war axe
   (You took it off a wight on level 8 of the Dungeon)
Missiles
 a - 3 curare-tipped darts {=f}
 d - 12 silver javelins
 k - 11 javelins
 u - 4 atropa-tipped darts
 y - 21 boomerangs
 P - 4 throwing nets {=f!f}
 S - 123 stones
 U - 2 silver boomerangs
Armour
 e - a +2 cloak (worn)
   (You found it on level 1 of the Dungeon)
 n - the +3 pair of gloves of Kydyr (worn) {*Slow Str+4 Int+4}
   (You found it in a Gauntlet)

   Str:       It affects your strength (+4).
   Int:       It affects your intelligence (+4).
   *Slow:     It may slow you when you take damage.
 v - a +1 ring mail of willpower
   (You found it on level 7 of the Dungeon)
 F - the +2 pair of boots of Amelioration (worn) {rPois Str+8 Slay+3 Stlth-}
   (You found it on level 10 of the Dungeon)

   Str:       It affects your strength (+8).
   Slay:      It affects your accuracy & damage with ranged weapons and melee
   (+3).
   rPois:     It protects you from poison.
   Stlth:     It makes you less stealthy.
 K - a +3 scale mail (worn)
   (You took it off a gnoll sergeant on level 6 of the Dungeon)
 V - a +1 hat (worn)
   (You found it in a Gauntlet)
Jewellery
 m - a ring of willpower
   (You found it on level 5 of the Dungeon)
 A - an amulet of the acrobat
   (You took it off a centaur warrior on level 10 of the Dungeon)
 E - a +4 ring of evasion (right hand)
   (You found it on level 1 of the Lair of Beasts)
 L - a ring of flight
   (You found it on level 2 of the Dungeon)
 N - the amulet of Vitality {Regen+ HP+15}
   (You found it in a Gauntlet)

   [amulet of regeneration]

   HP:        It affects your health (+15).
   Regen:     It increases your rate of health regeneration.
 O - a +4 ring of protection (left hand)
   (You found it on level 10 of the Dungeon)
 T - an amulet of faith (around neck) {!P}
   (You found it on level 2 of the Dungeon)
Wands
 b - a wand of paralysis (16)
   (You found it on level 4 of the Dungeon)
 g - a wand of polymorph (11)
   (You found it on level 3 of the Lair of Beasts)
 w - a wand of iceblast (19)
   (You found it on level 5 of the Lair of Beasts)
 B - a wand of mindburst (22)
   (You found it on level 8 of the Dungeon)
 Q - a wand of flame (26)
   (You found it on level 9 of the Dungeon)
 Z - a wand of charming (9)
   (You found it on level 8 of the Dungeon)
Scrolls
 h - a scroll of magic mapping {!r}
 j - 2 scrolls of identify {@r1}
 l - 7 scrolls of teleportation {@r4}
 o - a scroll of enchant weapon
 p - 5 scrolls of enchant armour
 s - 7 scrolls of fear
 t - 2 scrolls of immolation {!r!r}
 D - 5 scrolls of vulnerability {!r!r}
 J - 4 scrolls of fog
 R - a scroll of torment
 Y - 3 scrolls of amnesia
Potions
 c - 7 potions of flight
 f - a potion of invisibility
 i - 9 potions of curing {@q1}
 r - 7 potions of haste {@q3}
 C - 4 potions of brilliance
 G - 3 potions of magic
 I - 4 potions of attraction {!q}
 W - 5 potions of might
 X - 2 potions of resistance
Miscellaneous
 x - a condenser vane (inert)
   (You found it on level 10 of the Dungeon)
 H - a box of beasts
   (You found it in a bailey)

Dungeon Overview and Level Annotations

Branches:
Dungeon (12/15)            Temple (0/1) D:7            Lair (6/6) D:9
  Swamp (0/4) Lair:2       Spider (0/4) Lair:2        Slime (0/5) Lair:6
    Orc (0/2) D:11        Ossuary (visited)          Bailey (visited)
Gauntlet (visited)

Altars:
Ashenzari
Cheibriados
Hepliaklqana
Uskayaw
Xom
Yredelemnul
The Shining One

Shops:
D:5 *   D:8 *:*(   D:11 :   D:12 [

Annotations:
D:5 3 runed translucent doors, Sweetruy1997's ghost, weakling DsCK
Lair:6 exclusion: 2 oklob plants, ArthosElwyn's ghost, journeyman MiFi

####.#..............
#...................
##..................
##...#########......
#...##......©##.....
#...#8§#.W.#.8#..... ##
##...#...#.#...#..... .#
##.#..#?........#..... .#
#....@#"..t©....#©=... .##
###.Y.#(..w..†..#..... #.##
#P...#)S.#.#...#..P.. ##.###
##....#8.#...#.8#..... #...#
##.....##.......##..... ##..#
###.......#########....## #..#
##......................##
####.###.........................
.###..###..#.....................


You could see a catoblepas, an alligator (swift, petrified), a torpor snail
(petrified), a water moccasin (petrified) and ArthosElwyn's ghost.


Message History

The catoblepas gores you!!
* * * LOW HITPOINT WARNING * * *
ArthosElwyn's ghost hits you but does no damage.
The water moccasin bites you but does no damage.
You are engulfed in calcifying dust.
The water moccasin bites you. The torpor snail bites you.
* * * LOW HITPOINT WARNING * * *
ArthosElwyn's ghost hits you.
* * * LOW HITPOINT WARNING * * *
ArthosElwyn's ghost burns you.
* * * LOW HITPOINT WARNING * * *
The catoblepas gores you!!
* * * LOW HITPOINT WARNING * * *
You are engulfed in calcifying dust.
The water moccasin bites you but does no damage.
ArthosElwyn's ghost hits you!
* * * LOW HITPOINT WARNING * * *
ArthosElwyn's ghost burns you.
* * * LOW HITPOINT WARNING * * *
The catoblepas gores you!
* * * LOW HITPOINT WARNING * * *
The torpor snail bites you!
* * * LOW HITPOINT WARNING * * *
The water moccasin bites you but does no damage. x2
The catoblepas barely misses you.
ArthosElwyn's ghost hits you but does no damage.
The water moccasin bites you.
* * * LOW HITPOINT WARNING * * *
The torpor snail bites you!
* * * LOW HITPOINT WARNING * * *
ArthosElwyn's ghost hits you but does no damage.
The catoblepas gores you!
* * * LOW HITPOINT WARNING * * *
The water moccasin bites you but does no damage.
ArthosElwyn's ghost hits you but does no damage.
The catoblepas gores you but does no damage.
The torpor snail completely misses you.
The water moccasin bites you but does no damage.
You turn to flesh and can move again. 😱 HP[-60]
You take 60 damage, and now have 24/152 hp.
MASSIVE DAMAGE!! (PAUSE) Really read
z - 2 scrolls of blinking {!r}?
Blink to where?
Press: ? - help, Dir - move target
As you read the scroll of blinking {!r}, it crumbles to dust.
The catoblepas breathes a plume of calcifying dust at you.
The blast of calcifying dust hits the torpor snail!
The blast of calcifying dust hits you but does no damage.
The torpor snail is engulfed in calcifying dust.
The torpor snail is moving more slowly.
Okay, then.
Clouds of noxious fumes condense around you!
The condenser dries out!
The water moccasin is engulfed in calcifying dust.
The water moccasin is moving more slowly.
The catoblepas is engulfed in noxious fumes.
You feel yourself speed up.
The catoblepas is engulfed in noxious fumes.
The catoblepas rams the ground with its head heavily.
The catoblepas breathes a plume of calcifying dust at you.
The blast of calcifying dust hits the alligator.
The blast of calcifying dust hits you.
* * * LOW HITPOINT WARNING * * *
The water moccasin is engulfed in calcifying dust.
The water moccasin stops moving altogether! 😱 HP[-3]
You take 3 damage, and now have 21/152 hp.
Really read
z - a scroll of blinking {!r}?
Blink to where?
Press: ? - help, Dir - move target
As you read the scroll of blinking {!r}, it crumbles to dust.
The water moccasin is engulfed in calcifying dust.
The alligator is engulfed in calcifying dust.
The alligator is moving more slowly.
The water moccasin is engulfed in calcifying dust.
The catoblepas breathes a plume of calcifying dust at you.
The blast of calcifying dust hits you but does no damage.
The torpor snail is engulfed in calcifying dust.
Being near the torpor snail leaves you feeling lethargic.
You feel yourself speed up.
The water moccasin is engulfed in calcifying dust. x2
The water moccasin is engulfed in calcifying dust.
ArthosElwyn's ghost screams in joy, "As in life, so in death: Kill!
Kill!!
Kill!!!"
Being near the torpor snail leaves you feeling lethargic.
ArthosElwyn's ghost screams in joy, "As in life, so in death: Kill!
Kill!!
Kill!!!"
The alligator is engulfed in calcifying dust.
The alligator stops moving altogether!
The catoblepas attacks as you move away!
The catoblepas gores you!
* * * LOW HITPOINT WARNING * * *
There is a transporter here. 😱 HP[-13]
You take 13 damage, and now have 8/152 hp.
You enter the transporter and appear at another place.
You feel yourself speed up.
The alligator is no longer moving slowly.
The alligator is engulfed in calcifying dust.
The catoblepas gores you!
You die...

Skill      XL: |  1  2  3  4  5  6  7  8  9 10 11 12 13 14 15 |
---------------+----------------------------------------------+-----
Dodging        | 1 2 3 4 5 6 7 9 10 | 10.5
Unarmed Combat | 3 4 5 6 |  6.5
Fighting       | 4 5 6 8 9 13 14 15 16 | 16.6
Invocations    | 3 4 5 6 7 9 |  9.0
Axes           | 4 7 11 13 15 16 | 16.8
Armour         | 5 |  5.8

Action                   |  1- 3 |  4- 6 |  7- 9 | 10-12 | 13-15 | 16-18 || total
-------------------------+-------+-------+-------+-------+-------+-------++-------
Melee: Unarmed           |   117 |   225 |   401 |       |       |       ||   743
       Punch             |       |     6 |     8 |       |       |       ||    14
       Executioner's axe |       |       |    68 |   131 |   626 |    92 ||   917
Throw: Boomerang         |       |       |     3 |       |       |       ||     3
       Stone             |       |       |     1 |       |       |       ||     1
       Dart              |       |       |       |       |     2 |       ||     2
Invok: Bend Space        |       |       |     7 |       |     4 |       ||    11
       Banish            |       |       |       |       |     1 |       ||     1
       Corrupt           |       |       |       |       |     1 |       ||     1
Evoke: Wand              |       |       |       |     2 |     4 |       ||     6
       Condenser vane    |       |       |       |       |     1 |     1 ||     2
       Box of beasts     |       |       |       |       |     1 |       ||     1
  Use: Scroll            |       |     6 |    10 |     4 |    11 |     2 ||    33
       Potion            |       |     4 |     6 |     2 |     1 |     1 ||    14
 Stab: Invisible         |       |     3 |       |       |       |       ||     3
       Sleeping          |       |       |     1 |       |       |       ||     1
       Distracted        |       |       |     1 |       |     3 |       ||     4
       Paralysed         |       |       |       |     6 |       |       ||     6
Armor: Leather armour    |     7 |       |       |       |       |       ||     7
       Ring mail         |    32 |    98 |       |       |       |       ||   130
       Robe              |       |       |   139 |       |       |       ||   139
       Acid dragon scale |       |       |    11 |     4 |       |       ||    15
       Scale mail        |       |       |       |    57 |   410 |   107 ||   574
Dodge: Dodged            |    70 |   152 |   271 |   135 |   667 |   167 ||  1462

Levels and vault maps discovered:
D:1:      saegor_arrival_simple_d, layout_loops_cross
D:2:      layout_basic, shapermc_ecumenical_altar_notcrosses,
          serial_corexii_hall, corexii_hall_statues_l, corexii_hall_statues_l
D:3:      layout_basic, serial_bayou_pond_d, grunt_decor_arrowhead
D:4:      minmay_thinvault, layout_loops_ring, uniq_duvessa
D:5:      layout_loops_cross, serial_shops, shop, gammafunk_ghost_split
D:6:      cheibrodos_barr_body, layout_basic, mainiacjoe_overflow_cross_hatched,
          nicolae_ossuary_entry_false_entrances, minmay_tree_intersection,
          uniq_eustachio
D:7:      layout_loops_cross, minmay_temple_entry_nine_rooms, roderic_lattice_a,
          lemuel_flame_loot_1, uniq_joseph
D:8:      layout_gridville, nicolae_hepliaklqana_hazy_memory, serial_shops,
          shop, nicolae_shop_trees, nicolae_shop_trees, nicolae_shop_trees,
          hangedman_decor_diamond_cutter, minmay_orc_keep
D:9:      layout_roguey, lair_entry_dummy, enter_bailey_3, evilmike_minifort
D:10:     layout_roguey, chequers_temple_overflow_statue_of_worship,
          cheibrodos_ashenzari_chains, wad_mini_maze, uniq_josephine,
          uniq_amaemon
D:11:     layout_rooms, kennysheep_orc_monster_closet_entryway, serial_shops,
          nicolae_take_the_stairs
D:12:     layout_rooms, serial_shops, shop
Lair:1:   layout_regular_city, gammafunk_ghost_grave,
          chequers_serial_rivers_marsh
Lair:2:   layout_regular_city, minmay_swamp_entry_worms,
          hellmonk_spider_entry_life_and_decay, grunt_megastairs_3,
          infiniplex_staircase_pool_2
Lair:3:   layout_regular_city, grunt_megastairs_2
Lair:4:   layout_gridlike, gauntlet_entry_generic, basic_altar, nzn_random_ring,
          lemuel_fruit_tree, serial_bayou_shore_a
Lair:5:   layout_cave_pods, infiniplex_staircase_pool, grunt_megastairs_5,
          uniq_rupert
Lair:6:   hangedman_lair_caniforms_friends, layout_layer_cave,
          minmay_slime_entry_oklob_enclosed, gammafunk_ghost_arena

Notes
Turn   | Place    | Note
-------+----------+-------------------------------------------
     0 | Abyss:1  | spiderkeys the Ghoul Abyssal Knight began the quest for the
                  | Orb.
     0 | Abyss:1  | Reached XP level 1. HP: 19/19 MP: 1/1
     0 | Abyss:1  | magus.rc [v1.11.3]
    13 | D:1      | You pass through the gate.
    13 | D:1      | Escaped the Abyss
   116 | D:1      | Reached skill level 1 in Dodging
   304 | D:1      | Reached XP level 2. HP: 13/26 MP: 2/2
  1208 | D:2      | Reached XP level 3. HP: 31/31 MP: 3/3
  1350 | D:2      | Reached *** piety under Lugonu
  1549 | D:2      | Reached skill level 3 in Unarmed Combat
  1553 | D:2      | Reached XP level 4. HP: 39/40 MP: 5/5
  1904 | D:2      | Found a faded altar of an unknown god.
  1953 | D:2      | You pick up a book of Alchemy and begin reading...
  1953 | D:2      | You add the spells Petrify and Irradiate to your library.
  2347 | D:3      | Reached skill level 4 in Fighting
  2347 | D:3      | Reached skill level 2 in Dodging
  2347 | D:3      | Reached skill level 3 in Invocations
  2500 | D:3      | Reached XP level 5. HP: 42/46 MP: 6/6
  3140 | D:4      | Noticed a black bear
  3157 | D:4      | HP: 8/46 [black bear (7)]
  3160 | D:4      | Killed a black bear
  3441 | D:4      | Reached **** piety under Lugonu
  3508 | D:4      | Reached XP level 6. HP: 53/53 MP: 7/7
  3705 | D:4      | Reached skill level 4 in Unarmed Combat
  4104 | D:4      | Noticed Duvessa
  4104 | D:4      | Noticed Dowan
  4126 | D:4      | Killed Duvessa
  4127 | D:4      | Reached skill level 5 in Fighting
  4127 | D:4      | Reached skill level 3 in Dodging
  4127 | D:4      | Reached skill level 4 in Invocations
  4140 | D:4      | Killed Dowan
  4141 | D:4      | Reached XP level 7. HP: 29/61 MP: 9/9
  4627 | D:4      | HP: 13/61 [hound (5)]
  4632 | D:4      | HP: 6/61 [hound (5)]
  4859 | D:4      | Reached skill level 5 in Unarmed Combat
  5099 | D:4      | Reached skill level 5 in Invocations
  5113 | D:4      | Reached ***** piety under Lugonu
  5114 | D:4      | Reached skill level 4 in Dodging
  5114 | D:4      | Reached XP level 8. HP: 64/70 MP: 10/10
  5158 | D:4      | Reached skill level 6 in Fighting
  5383 | D:5      | Entered Level 5 of the Dungeon
  5467 | D:5      | HP: 15/70 [gnoll sergeant/+0 spear of venom (10)]
  5469 | D:5      | HP: 7/70 [gnoll sergeant/+0 spear of venom (8)]
  5494 | D:5      | HP: 10/70 [gnoll/+0 spear (4)]
  6228 | D:5      | Found Fiozuvig's Assorted Antiques.
  6237 | D:5      | Bought a scroll labelled TAMEXUH JETHRE for 30 gold pieces
  6237 | D:5      | Bought a smoky coppery potion for 27 gold pieces
  6412 | D:5      | You pick up a book of Maledictions and begin reading...
  6412 | D:5      | You add the spells Tukima's Dance, Anguish and Enfeeble to
                  | your library.
  6431 | D:5      | Reached skill level 6 in Unarmed Combat
  6490 | D:5      | Found a runed translucent gate.
  6490 | D:5      | Found a runed translucent gate.
  6490 | D:5      | Found a runed translucent gate.
  6491 | D:5      | Noticed Sweetruy1997's ghost (weakling DsCK)
  6737 | D:6      | Reached skill level 6 in Invocations
  6748 | D:6      | HP: 17/71 [wight/+0 flail (6)]
  6749 | D:6      | HP: 5/71 [wight/+0 flail (12)]
  6756 | D:6      | HP: 5/71 [wight/+0 flail (1)]
  7057 | D:6      | Noticed Eustachio
  7112 | D:6      | Found a basalt altar of Yredelemnul.
  7131 | D:6      | Found a sand-covered staircase.
  7136 | Ossuary  | Entered an ossuary
  7422 | Ossuary  | Reached skill level 5 in Dodging
  7436 | Ossuary  | Reached XP level 9. HP: 25/78 MP: 12/12
  7454 | Ossuary  | HP: 18/78 [mummy (2)]
  7456 | Ossuary  | Reached skill level 7 in Fighting
  7461 | Ossuary  | HP: 17/79 [hobgoblin zombie (2)]
  7743 | Ossuary  | Found the +8 frozen axe "Frostbite" {freezing cloud, *Noise
                  | Fly rC+}
  7841 | D:6      | HP: 17/79 [gnoll sergeant/+0 spear (6)]
  7842 | D:6      | Reached skill level 1 in Axes
  8191 | D:6      | Reached skill level 2 in Axes
  8503 | D:6      | You add the spells Foxfire, Ignite Poison, Inner Flame,
                  | Summon Mana Viper and Summon Forest to your library.
  8503 | D:6      | Got Uroad's Papyrus of the Flamy Escort
  8654 | D:6      | Reached skill level 3 in Axes
  8695 | D:6      | Killed Eustachio
  9001 | D:6      | Noticed a troll
  9003 | D:6      | HP: 11/81 [troll (12)]
  9004 | D:6      | Killed a troll
  9005 | D:6      | Reached skill level 4 in Axes
  9005 | D:6      | Reached skill level 6 in Dodging
  9337 | D:6      | Reached skill level 8 in Fighting
  9502 | D:6      | Reached XP level 10. HP: 85/88 MP: 13/13
  9633 | D:7      | Reached skill level 5 in Axes
  9749 | D:7      | Noticed Joseph
  9758 | D:7      | Killed Joseph
 10377 | D:7      | Found a staircase to the Ecumenical Temple.
 10652 | D:7      | Reached ****** piety under Lugonu
 10891 | D:8      | Reached skill level 6 in Axes
 11024 | D:8      | Found Tieps's Book Shoppe.
 11097 | D:8      | Found a hazy altar of Hepliaklqana.
 11407 | D:8      | Found Daffagur's Antique Weapon Shoppe.
 11413 | D:8      | Found Duteh's General Store.
 11425 | D:8      | Reached skill level 9 in Fighting
 11671 | D:8      | Found Distyurph's General Store.
 11697 | D:8      | Reached skill level 7 in Dodging
 11914 | D:8      | HP: 11/91 [orc priest/divine providence (14)]
 11932 | D:8      | You add the spells Passage of Golubria and Yara's Violent
                  | Unravelling to your library.
 12305 | D:9      | Found a staircase to the Lair.
 12322 | D:9      | Noticed a two-headed ogre
 12329 | D:9      | Found a flagged portal.
 12332 | D:9      | Reached skill level 7 in Axes
 12334 | D:9      | Killed a two-headed ogre
 12415 | Bailey   | Entered a bailey
 12455 | Bailey   | Noticed an orc warlord
 12489 | Bailey   | Reached XP level 11. HP: 93/97 MP: 14/14
 12493 | Bailey   | Found a runed translucent gate.
 12493 | Bailey   | Found a runed translucent gate.
 12493 | Bailey   | Found a runed translucent gate.
 12715 | Bailey   | Reached skill level 11 in Axes
 12715 | Bailey   | Reached XP level 12. HP: 105/105 MP: 15/15
 12730 | Bailey   | Killed an orc warlord
 12754 | Bailey   | You pick up a book of Air and begin reading...
 12754 | Bailey   | You add the spells Shock, Swiftness and Airstrike to your
                  | library.
 12760 | Bailey   | Reached skill level 13 in Fighting
 12760 | Bailey   | Reached XP level 13. HP: 122/122 MP: 16/16
 13430 | D:9      | You pick up a book of Lightning and begin reading...
 13430 | D:9      | You add the spells Static Discharge, Lightning Bolt and
                  | Maxwell's Capacitive Coupling to your library.
 13458 | D:9      | Reached skill level 8 in Dodging
 13728 | D:10     | Entered Level 10 of the Dungeon
 13729 | D:10     | Noticed Amaemon
 13748 | D:10     | Reached skill level 12 in Axes
 13914 | D:10     | Found a snail-covered altar of Cheibriados.
 13915 | D:10     | Found a shimmering altar of Xom.
 14301 | D:10     | Identified the +2 pair of boots of Amelioration {rPois
                  | Str+8 Slay+3 Stlth-}
 14387 | D:10     | Noticed Josephine
 14392 | D:10     | Killed Josephine
 14633 | D:10     | Killed Amaemon
 14806 | D:10     | Found a broken altar of Ashenzari.
 15127 | D:11     | Reached skill level 14 in Fighting
 15449 | D:11     | Found Baigo's Book Emporium.
 15549 | D:11     | Reached skill level 13 in Axes
 15933 | D:11     | Found a staircase to the Orcish Mines.
 15951 | D:11     | Reached skill level 9 in Dodging
 16475 | D:12     | Reached XP level 14. HP: 42/133 MP: 17/17
 16476 | D:12     | HP: 31/133 [skeletal warrior/+0 flail[a skeletal warrior]
                  | (11)]
 16478 | D:12     | HP: 15/133 [skeletal warrior/+0 glaive[a skeletal warrior]
                  | (3)]
 16478 | D:12     | HP: 3/133 [skeletal warrior/+0 flail[a skeletal warrior]
                  | (12)]
 17558 | D:12     | Found Ysat's Armour Shoppe.
 17871 | Lair:1   | Entered Level 1 of the Lair of Beasts
 17962 | Lair:1   | Found a runed translucent door.
 17963 | Lair:1   | Noticed Laraso's ghost (journeyman DjCK)
 18242 | Lair:1   | Reached skill level 14 in Axes
 18420 | Lair:1   | You pick up a book of Chaos and begin reading...
 18420 | Lair:1   | You add the spells Conjure Ball Lightning, Disjunction and
                  | Discord to your library.
 18855 | Lair:1   | Killed Laraso's ghost
 18858 | Lair:1   | You add the spells Conjure Flame, Summon Ice Beast,
                  | Freezing Cloud and Orb of Destruction to your library.
 18858 | Lair:1   | Got Avisaev's Incunabulum of Harmful Snow
 18896 | Lair:2   | You add the spells Blink and Manifold Assault to your
                  | library.
 18986 | Lair:2   | Found a hole to the Spider Nest.
 19416 | Lair:2   | Found a staircase to the Swamp.
 19571 | Lair:2   | Reached skill level 15 in Fighting
 19612 | Lair:2   | Reached skill level 10 in Dodging
 19728 | Lair:2   | You are sucked into a shaft and drop 1 floor!
 20966 | Lair:4   | Found a gate leading to a gauntlet.
 20975 | Gauntlet | Entered a Gauntlet
 20975 | Gauntlet | Found a transporter.
 20985 | Gauntlet | Found a transporter.
 20998 | Gauntlet | Found a transporter.
 20999 | Gauntlet | Found a transporter.
 21006 | Gauntlet | Found a runed translucent door.
 21009 | Gauntlet | Found a transporter.
 21033 | Gauntlet | Found a transporter.
 21044 | Gauntlet | Found a transporter.
 21055 | Gauntlet | Found a transporter.
 21078 | Gauntlet | Found a transporter.
 21090 | Gauntlet | Found a runed translucent door.
 21092 | Gauntlet | Found a transporter.
 21092 | Gauntlet | Found a transporter.
 21095 | Gauntlet | Found a runed translucent door.
 21141 | Gauntlet | Found a transporter.
 21162 | Gauntlet | Found a transporter.
 21173 | Gauntlet | Found a transporter.
 21373 | Gauntlet | You pick up a book of Geomancy and begin reading...
 21373 | Gauntlet | You add the spells Sandblast, Passwall and Stone Arrow to
                  | your library.
 21388 | Gauntlet | Reached skill level 7 in Invocations
 21398 | Gauntlet | Identified the +3 pair of gloves of Kydyr {*Slow Str+4
                  | Int+4}
 21411 | Gauntlet | Corrupted Gauntlet
 21437 | Gauntlet | Identified the +4 arbalest of Defilement {vorpal, Str+6}
 21439 | Gauntlet | Noticed a starcursed mass
 21595 | Gauntlet | Reached skill level 15 in Axes
 21706 | Gauntlet | Reached XP level 15. HP: 141/141 MP: 19/19
 21724 | Gauntlet | Found the amulet of Vitality {Regen+ HP+15}
 21729 | Gauntlet | You pick up a book of Party Tricks and begin reading...
 21729 | Gauntlet | You add the spells Apportation and Alistair's Intoxication
                  | to your library.
 21946 | Lair:4   | Found a hide-covered altar of Uskayaw.
 22122 | Lair:4   | Reached skill level 2 in Armour
 22911 | Lair:5   | Noticed Rupert
 22923 | Lair:5   | HP: 35/141 [Rupert/+2 triple sword of freezing (6)]
 22934 | Lair:5   | Killed Rupert
 22947 | Lair:5   | a +2 triple sword of freezing {rare}; a +0 leather armour;
                  | the human corpse of Rupert
 23076 | Lair:5   | a +2 triple sword of freezing {rare}; a +0 leather armour;
                  | the human corpse of Rupert
 23147 | Lair:5   | a +2 triple sword of freezing {rare}; a +0 leather armour;
                  | the human skeleton of Rupert
 23164 | Lair:5   | Reached skill level 3 in Armour
 23616 | Lair:5   | Reached skill level 8 in Invocations
 23785 | Lair:5   | You pick up a book of Minor Magic and begin reading...
 23785 | Lair:5   | You add the spells Magic Dart, Call Imp and Mephitic Cloud
                  | to your library.
 24048 | Lair:6   | Entered Level 6 of the Lair of Beasts
 24075 | Lair:6   | Noticed ArthosElwyn's ghost (journeyman MiFi)
 24105 | Lair:6   | Reached skill level 16 in Fighting
 24126 | Lair:6   | Found a transporter.
 24131 | Lair:6   | Reached skill level 4 in Armour
 24201 | Lair:6   | Found a transporter.
 24300 | Lair:6   | Reached skill level 16 in Axes
 24332 | Lair:6   | Reached skill level 9 in Invocations
 24346 | Lair:6   | Reached skill level 5 in Armour
 24692 | Lair:6   | Reached XP level 16. HP: 152/152 MP: 21/21
 25485 | Lair:6   | Found a staircase to the Slime Pits.
 25755 | Lair:6   | HP: 32/152 [torpor snail (7)]
 25762 | Lair:6   | HP: 21/152 [something/blast of calcifying dust (3)]
 25769 | Lair:6   | HP: 8/152 [catoblepas (13)]
 25770 | Lair:6   | Mangled by a catoblepas

Vanquished Creatures
  An orc warlord (Bailey)
  A minotaur (Gauntlet)
  A green death (Gauntlet)
  Josephine (D:10)
  10 hydras
  A catoblepas (Lair:4)
  The ghost of Laraso the Thaumaturge, a journeyman DjCK of Xom (Lair:1)
  An anaconda (Lair:6)
  An alligator (Lair:6)
  15 death yaks
  2 centaur warriors (D:10)
  6 two-headed ogres
  Amaemon (D:10)
  5 skeletal warriors
  2 wizards (Gauntlet)
  A lindwurm (Lair:6)
  A deep elf pyromancer (D:10)
  3 ugly things
  A cyclops (D:12)
  A moth of wrath (Gauntlet)
  3 manticores
  2 worldbinders (Gauntlet)
  10 elephants
  Joseph (D:7)
  15 cane toads
  2 orange demons
  A black mamba (Lair:4)
  A kobold demonologist (D:11)
  A rime drake (Lair:6)
  3 unseen horrors
  13 komodo dragons
  A hornet (D:11)
  3 trolls
  A tyrant leech (Lair:2)
  13 polar bears
  11 blink frogs
  5 raiju (Lair:6)
  A culicivora (Lair:2)
  47 yaks
  3 wyverns
  5 wraiths (D:10)
  Eustachio (D:6)
  2 steam dragons
  7 basilisks
  4 wargs (Lair:6)
  3 swamp worms (Lair:2)
  6 acid dragons
  Duvessa (D:4)
  12 hell hounds (Lair:6)
  16 water moccasins
  13 orc warriors
  3 ice beasts (D:6)
  7 ogres
  2 sky beasts (D:6)
  13 black bears
  4 boggarts (Gauntlet)
  36 wolves
  A phantom (D:4)
  3 centaurs
  7 kobold brigands
  16 bullfrogs
  An elf zombie (Ossuary)
  3 gnoll sergeants
  4 scorpions
  5 necrophages
  22 wights
  Dowan (D:4)
  24 killer bees
  An electric eel (Lair:4)
  A howler monkey (D:10)
  2 centaur zombies (Ossuary)
  4 hounds
  4 jellies
  3 orc priests
  2 gnoll shamans
  4 iguanas
  9 orc wizards
  6 hell rats (Lair:6)
  2 mummies (Ossuary)
  7 adders
  27 gnolls
  3 shadow imps
  6 white imps
  2 ufetubi
  2 adder zombies (Ossuary)
  2 worms (D:2)
  4 dart slugs
  43 orcs
  14 ball pythons
  3 bats
  5 endoplasms
  4 giant cockroaches (D:2)
  14 goblins
  8 hobgoblins
  6 jackals
  23 kobolds
  4 quokkas
  4 frilled lizards
  5 goblin zombies (Ossuary)
  8 hobgoblin zombies (Ossuary)
  A jackal zombie (Ossuary)
  8 kobold zombies (Ossuary)
  9 orc zombies (Ossuary)
  3 rats
  A rat zombie (Ossuary)
  A bush (Lair:5)
670 creatures vanquished.

Vanquished Creatures (collateral kills)
  Rupert (Lair:5)
  A bullfrog (Lair:5)
2 creatures vanquished.

Vanquished Creatures (others)
  A great orb of eyes (Gauntlet)
  A wolf (Lair:6)
  A demonic plant (Gauntlet)
  38 fungi
  78 plants
119 creatures vanquished.

Grand Total: 791 creatures vanquished

Table legend:
 A = Non-vault XP
 B = Vault XP
 C = Vault XP percentage of total XP
 D = Non-vault monster count
 E = Vault monster count
 F = Vault count percentage of total count
                 A         B        C        D         E       F
            +---------+---------+-------+---------+---------+-------
      Total |   73066 |   45136 |  38.2 |     409 |     265 |  39.3
            +---------+---------+-------+---------+---------+-------
        D:1 |      22 |       0 |   0.0 |      12 |       0 |   0.0
        D:2 |      91 |       0 |   0.0 |      28 |       0 |   0.0
        D:3 |      69 |       0 |   0.0 |      17 |       0 |   0.0
        D:4 |     538 |     766 |  58.7 |      31 |      19 |  38.0
        D:5 |     515 |       0 |   0.0 |      24 |       0 |   0.0
        D:6 |    1275 |    1277 |  50.0 |      20 |      11 |  35.5
        D:7 |     582 |     471 |  44.7 |      11 |       1 |   8.3
        D:8 |    1685 |     273 |  13.9 |      27 |       9 |  25.0
        D:9 |    2146 |    1762 |  45.1 |      23 |      18 |  43.9
       D:10 |    2981 |    5406 |  64.5 |      18 |      11 |  37.9
       D:11 |    5244 |    1816 |  25.7 |      14 |      20 |  58.8
       D:12 |    7172 |       0 |   0.0 |      13 |       0 |   0.0
     Lair:1 |    6690 |     845 |  11.2 |      27 |       1 |   3.6
     Lair:2 |     695 |    1331 |  65.7 |       4 |       6 |  60.0
     Lair:3 |    5389 |    1472 |  21.5 |      25 |       7 |  21.9
     Lair:4 |    3180 |    4142 |  56.6 |      12 |      10 |  45.5
     Lair:5 |   12033 |    2825 |  19.0 |      33 |       3 |   8.3
     Lair:6 |   22759 |   13198 |  36.7 |      70 |      59 |  45.7
    Ossuary |       0 |     264 | 100.0 |       0 |      39 | 100.0
     Bailey |       0 |    1836 | 100.0 |       0 |      28 | 100.0
   Gauntlet |       0 |    7452 | 100.0 |       0 |      23 | 100.0
            +---------+---------+-------+---------+---------+-------

Illustrated notes

Table legend:
 A = Kills in this place as a percentage of kills in entire the game.
 B = Kills by you in this place as a percentage of kills by you in the entire game.
 C = Kills by friends in this place as a percentage of kills by friends in the entire game.
 D = Other kills in this place as a percentage of other kills in the entire game.
 E = Experience gained in this place as a percentage of experience gained in the entire game.
 F = Experience gained in this place divided by the number of levels of this place that you have seen.
                   A       B       C       D       E      F
               +-------+-------+-------+-------+-------+----------------------
         Total | 100.0 | 100.0 | 100.0 | 100.0 | 100.0 | 5372.8
       Dungeon |  48.5 |  48.7 |   0.0 |  33.3 |  28.8 | 2840.9
          Lair |  38.1 |  38.0 | 100.0 |  33.3 |  63.1 | 12426.5
       Ossuary |   5.8 |   5.8 |   0.0 |   0.0 |   0.2 | 264.0
        Bailey |   4.2 |   4.2 |   0.0 |   0.0 |   1.6 | 1836.0
      Gauntlet |   3.4 |   3.3 |   0.0 |  33.3 |   6.3 | 7452.0
               +-------+-------+-------+-------+-------+----------------------

Table legend: (Time is in decaauts)
 A = Elapsed time spent in this place.
 B = Non-inter-level travel time spent in this place.
 C = Inter-level travel time spent in this place.
 D = Time resting spent in this place.
 E = Time spent auto-exploring this place.
 F = Levels seen in this place.
 G = Mean time per level.
                   A        B        C        D        E       F      G
               +--------+--------+--------+--------+--------+-----+--------+
         Total |  26008 |  25462 |    546 |   6485 |  14238 |  22 | 1182.2 |
       Dungeon |  16941 |  16606 |    335 |   5416 |   8596 |  12 | 1411.8 |
          Lair |   7099 |   6888 |    211 |    796 |   4946 |   6 | 1183.2 |
         Abyss |     13 |     13 |      0 |      0 |      4 |   1 |   13.0 |
       Ossuary |    683 |    683 |      0 |    266 |    236 |   1 |  683.0 |
        Bailey |    389 |    389 |      0 |      3 |    141 |   1 |  389.0 |
      Gauntlet |    881 |    881 |      0 |      4 |    315 |   1 |  881.0 |
               +--------+--------+--------+--------+--------+-----+--------+

Top non-repeatable levels by time:
     D:4: 2385 daAuts
     D:6: 1887 daAuts
    D:11: 1812 daAuts
  Lair:6: 1752 daAuts
    D:10: 1656 daAuts
     D:7: 1509 daAuts
     D:5: 1340 daAuts
  Lair:4: 1218 daAuts
     D:9: 1211 daAuts
     D:8: 1192 daAuts
  Lair:5: 1144 daAuts
     D:2: 1142 daAuts
     D:3: 1128 daAuts
  Lair:2: 1100 daAuts
  Lair:1: 1008 daAuts
